 Dungeon Crawl Stone Soup version 0.29-a0-222-g5b244fca1f (webtiles) character file.

Game seed: 3699909763689805048

81 Hasart the Slasher (level 4, -5/36 HPs)
             Began as a Demigod Gladiator on Feb 27, 2022.
             Slain by Sigmund
             ... wielding a +0 scythe
              (10 damage)
             ... on level 3 of the Dungeon.
             The game lasted 00:04:15 (2279 turns).

Hasart the Slasher (Demigod Gladiator)              Turns: 2279, Time: 00:04:16

Health: -5/36      AC:  6    Str: 21    XL:     4   Next: 0%
Magic:  6/6        EV: 12    Int: 10    God:
Gold:   65         SH:  0    Dex: 19    Spells: 3/3 levels left

rFire   . . .      SeeInvis .   a - +0 long sword
rCold   . . .      Faith    .   (no shield)
rNeg    . . .      Spirit   .   m - +0 ring mail
rPois   .          Reflect  .   c - +0 helmet
rElec   .          Harm     .   (no cloak)
rCorr   .          Rampage  .   (no gloves)
Will    .....                   (no boots)
Stlth   +.........              (no amulet)
HPRegen 0.12/turn               n - +6 ring of strength
MPRegen 0.10/turn               (no ring)

@: no status effects
A: high MP 1, forlorn, divine attributes
a: no special abilities


You were on level 3 of the Dungeon.
You visited 1 branch of the dungeon, and saw 3 of its levels.

You collected 65 gold pieces.

Inventory:

Hand Weapons
 a - a +0 long sword (weapon)
Armour
 c - a +0 helmet (worn)
 m - a +0 ring mail (worn)
Jewellery
 n - a +6 ring of strength (left hand)
Scrolls
 e - 3 scrolls of identify {unknown}
 h - a scroll of fear {unknown}
 i - a scroll of summoning {unknown}
Potions
 b - a potion of haste {unknown}
 f - a potion of curing {unknown}
 g - 3 potions of heal wounds {unknown}
 j - a potion of might {unknown}
 k - a potion of brilliance {unknown}
 l - a potion of degeneration {unknown}
 o - 2 potions of invisibility {unknown}


   Skills:
 + Level 2.2 Fighting
 * Level 3.4 Long Blades
 + Level 2.3 Throwing
 + Level 3.0 Dodging
 + Level 1.5 Stealth


You had 3 spell levels left.
You didn't know any spells.
Your spell library contained the following spells:

 Spells                   Type           Power      Damage    Failure   Level
 Animate Skeleton         Necr           0%         N/A       54%         1
 Apportation              Tloc           0%         N/A       54%         1
 Shock                    Conj/Air       0%         1d3       54%         1
 Summon Small Mammal      Summ           0%         N/A       54%         1
 Swiftness                Air            0%         N/A       88%         3
 Airstrike                Air            0%         N/A       99%         4
 Animate Dead             Necr           0%         N/A       99%         4
 Haunt                    Necr/Summ      0%         N/A       100%        7
 Infestation              Necr           0%         N/A       100%        8


Dungeon Overview and Level Annotations

Branches:
Dungeon (3/15)

Shops:
D:2 (

Annotations:
D:3 Sigmund


Innate Abilities, Weirdness & Mutations

You have an increased reservoir of magic. (+10% MP)
You shall have no god before yourself.
Your divine heritage dramatically boosts your attributes as you level up.


Message History

You hit Sigmund.
Sigmund is lightly wounded.
Sigmund struggles against the net.
You hit Sigmund but do no damage.
Sigmund is lightly wounded.
Sigmund points at you and mumbles some strange words.
You are confused.
Sigmund struggles against the net.
You bump into the rock wall.
You hit Sigmund but do no damage.
Sigmund is lightly wounded.
Sigmund struggles against the net.
Sigmund struggles against the net.
The net rips apart, and Sigmund comes free!
Sigmund hits you with a +0 scythe.
You bump into the rock wall.
You feel less confused. Sigmund hits you but does no damage.
You slash Sigmund!
Sigmund is moderately wounded.
Sigmund barely misses you.
You closely miss Sigmund.
Sigmund is moderately wounded.
You barely miss Sigmund.
Sigmund is moderately wounded.
Sigmund barely misses you.
You slash Sigmund!
Sigmund is severely wounded.
Sigmund gestures wildly while chanting.
Sigmund flickers and vanishes!
Deactivating autopickup; reactivate with Ctrl-A.
You barely miss something. Something hits you but does no damage.
You miss something. Something hits you!
You miss something. Something hits you!
* * * LOW HITPOINT WARNING * * *
You miss something. Something hits you.
* * * LOW HITPOINT WARNING * * *
You miss something. You hit something. Something hits you!
You die...

..........# #.........#
..........###.........#
.......?..+...$.......
..........##..........
......../.##.#<...#
................>.#
........#....##.#.#
...####.#.#.....#
#@#.#.....# #{#.#####.#
#.#.......+ #.#######.#
#.# #.# #(# #.# ... #+#
#.# ...+ #.# ..# #.#


There were no monsters in sight!

Vanquished Creatures
  3 adders (D:2)
  2 worms (D:2)
  A dart slug (D:1)
  5 bats
  4 endoplasms
  2 giant cockroaches
  2 goblins (D:2)
  2 hobgoblins
  8 jackals (D:2)
  3 quokkas
  2 ball pythons (D:3)
  3 frilled lizards
  3 kobolds
  3 rats
43 creatures vanquished.

Notes
Turn   | Place    | Note
-------+----------+-------------------------------------------
     0 | D:1      | Hasart the Demigod Gladiator began the quest for the Orb.
     0 | D:1      | Reached XP level 1. HP: 17/17 MP: 3/3
   429 | D:1      | Reached XP level 2. HP: 24/24 MP: 4/4
   984 | D:2      | Found Ipapso's Weapon Emporium.
  1046 | D:2      | Reached skill level 1 in Stealth
  1182 | D:2      | Reached XP level 3. HP: 28/29 MP: 5/5
  2211 | D:3      | Reached XP level 4. HP: 30/36 MP: 6/6
  2255 | D:3      | Noticed Sigmund
  2279 | D:3      | Slain by Sigmund

Illustrated notes

Levels and vault maps discovered:
D:1:      eino_arrival_druids_welcome, layout_basic,
          ebering_ecumenical_altar_box, minmay_pentomino_x2
D:2:      layout_loops_ring, serial_shops, nicolae_shop_bloodbath_and_beyond,
          corexii_item_surrounded_by_moat
D:3:      layout_basic, okawaru_ov_weapons_minmay, uniq_terence, uniq_sigmund

Skill      XL: |  1  2  3 |
---------------+----------+-----
Long Blades    | 3 |  3.4
Fighting       | 2 |  2.2
Throwing       | 2 |  2.3
Stealth        | 1 |  1.5
Dodging        | 3 |  3.0

Action                   |  1- 3 |  4- 6 || total
-------------------------+-------+-------++-------
Melee: Long sword        |   120 |    15 ||   135
       Punch             |     2 |       ||     2
Throw: Throwing net      |       |     3 ||     3
 Stab: Sleeping          |     3 |       ||     3
       Held in net/web   |       |     1 ||     1
Armor: Leather armour    |    30 |       ||    30
       Ring mail         |     4 |     3 ||     7
Dodge: Dodged            |    92 |     5 ||    97

Table legend: (Time is in decaauts)
 A = Elapsed time spent in this place.
 B = Non-inter-level travel time spent in this place.
 C = Inter-level travel time spent in this place.
 D = Time resting spent in this place.
 E = Time spent auto-exploring this place.
 F = Levels seen in this place.
 G = Mean time per level.
                   A        B        C        D        E       F      G
               +--------+--------+--------+--------+--------+-----+--------+
         Total |   2312 |   2284 |     28 |    240 |   1662 |   3 |  770.7 |
       Dungeon |   2312 |   2284 |     28 |    240 |   1662 |   3 |  770.7 |
               +--------+--------+--------+--------+--------+-----+--------+

Top non-repeatable levels by time:
     D:2: 1255 daAuts
     D:1: 882 daAuts
     D:3: 175 daAuts
